 Dungeon Crawl Stone Soup version 0.15-a0-1569-gdbe329f (webtiles) character file.

26005 Gekot the Basher (level 13, -2/83 HPs)
             Began as a Gargoyle Berserker on June 18, 2014.
             Was the Champion of Trog.
             Slain by a black mamba (5 damage)
             ... on Level 6 of the Lair of Beasts.
             The game lasted 00:45:17 (13030 turns).

Gekot the Basher (Gargoyle Berserker)              Turns: 13030, Time: 00:45:19

HP  -2/83        AC 35     Str 24      XL: 13   Next: 23%
MP   0/13        EV  7     Int  8      God: Trog [******]
Gold 721         SH  0     Dex 11      Spells:  0 memorised, 12 levels left

rFire  . . .     SeeInvis .     G - +5 morningstar (protect)
rCold  + . .     Clarity  .     B - +1 plate armour
rNeg   + . .     rCorr    .     (no shield)
rPois  +         rRot     +     i - +0 helmet
rElec  +         Spirit   +     p - +0 cloak
SustAb +         Warding  .     s - +0 pair of gloves
rMut   .         Stasis   .     v - +0 pair of boots "Gheschint" {MR+}
Gourm  .                        J - amulet of guardian spirit
MR     +....                    w - ring of protection from cold
                                I - ring of sustain abilities

@: exhausted, slowed, very slow, somewhat resistant to hostile enchantments,
extremely unstealthy
A: life protection 1, electricity resistance, unbreathing, petrification
resistance, rot immunity, AC +9
a: Burn Spellbooks, Berserk, Trog's Hand, Brothers in Arms, Renounce Religion


You were on level 6 of the Lair of Beasts.
You worshipped Trog.
Trog was exalted by your worship.
You were very hungry.

You visited 3 branches of the dungeon, and saw 16 of its levels.

You collected 721 gold pieces.

Inventory:

Hand weapons
 G - a +5 morningstar of protection (weapon)
Armour
 i - a +0 helmet (worn)
 p - a +0 cloak (worn)
 s - a +0 pair of gloves (worn)
 v - the +0 pair of boots "Gheschint" (worn) {MR+}
   (You found it on level 4 of the Dungeon)

   It affects your resistance to hostile enchantments.
 z - a +2 shield
 B - a +1 plate armour (worn)
Magical devices
 d - a wand of cold (0)
 m - a wand of cold (6)
 C - a wand of fire (3)
 F - a wand of cold (6)
Comestibles
 q - 3 meat rations
 A - 18 fruits
Scrolls
 e - 2 scrolls of recharging
 f - 13 scrolls of identify
 g - 4 scrolls of teleportation
 h - 3 scrolls of fog
 l - a scroll of enchant armour
 r - 3 scrolls of remove curse
 x - a scroll of blinking
 y - a scroll of enchant weapon
 K - a scroll of fear
Jewellery
 j - an uncursed ring of teleportation
 k - an uncursed ring of stealth
 w - a ring of protection from cold (right hand)
 E - an uncursed ring of ice
 I - a ring of sustain abilities (left hand)
 J - an amulet of guardian spirit (around neck)
Potions
 a - a potion of agility
 b - 2 potions of cure mutation
 c - 10 potions of curing
 n - a potion of porridge
 o - 3 potions of heal wounds
 t - a potion of haste
 u - a potion of resistance


   Skills:
 + Level 10.7 Fighting
 * Level 13.2 Maces & Flails
 + Level 10.7 Armour
 - Level 1.5 Dodging
 * Level 12.4 Shields


You had 12 spell levels left.
You didn't know any spells.

Dungeon Overview and Level Annotations

Branches:
Dungeon (9/15)             Temple (1/1) D:4             Orc (0/4) D:9
   Lair (6/8) D:9          Shoals (0/5) Lair:4        Snake (0/5) Lair:6
  Slime: Lair:6-8

Altars:
Ashenzari
Cheibriados
Dithmenos
Elyvilon
Fedhas
Gozag
Kikubaaqudgha
Makhleb
Nemelex Xobeh
Okawaru
Qazlal
Sif Muna
Trog
Vehumet
Xom
Yredelemnul
Zin
The Shining One

Shops:
D:4 *   D:6 }

Annotations:
D:7 1 exclusion


Innate Abilities, Weirdness & Mutations

You are resistant to torment.
You are immune to poison.
Your stone body is very resilient (AC +9).
You resist negative energy.
You are resistant to electric shocks.
You can survive without breathing.
You are immune to petrification.
You are immune to rotting.


Message History

The black mamba bites you but does no damage. x3
The black mamba bites you.
* * * LOW HITPOINT WARNING * * *
The black mamba bites you.
* * * LOW HITPOINT WARNING * * *
The black mamba bites you but does no damage. x2
The black mamba bites you.
* * * LOW HITPOINT WARNING * * *
The black mamba bites you but does no damage. x2
The black mamba barely misses you.
The black mamba bites you but does no damage.
There is a stone staircase leading down here.
The black mamba bites you but does no damage. x2
The black mamba bites you!
* * * LOW HITPOINT WARNING * * *
The black mamba bites you but does no damage.
The black mamba bites you!
* * * LOW HITPOINT WARNING * * *
The black mamba bites you.
You die...

................# #.......##.
................# ##......#...
...............#####........#..
............###.##........#.#.
..................#.#.....#...
...........................#>..
##.. ....................?.......
#..# ##........SS................
... #........SS@................
... #.........S.................
#.####.............♣♣..........
..P#.P...............♣... ...
#%.................P...... ......
...#.............................
.######..........≈..P............
.# #.......P.................. .#
...........................


You could see 4 black mambas and a ball python.

Vanquished Creatures
  Maud (Lair:3)
  The ghost of oplop the Unseen, a powerful VSEn of Kikubaaqudgha (D:7)
  3 death yaks
  A griffon (Lair:5)
  A mermaid (Lair:4)
  5 black mambas (Lair:6)
  2 elephants
  A fire drake (Lair:5)
  4 komodo dragons
  8 spiny frogs
  A merfolk (Lair:4)
  5 polar bears
  11 blink frogs
  A yak (Lair:1)
  3 basilisks
  A wyvern (D:9)
  A spriggan (Lair:2)
  2 sharks (Lair:4)
  5 hippogriffs
  11 wolves
  8 porcupines
  10 water moccasins
  2 ice beasts
  A sky beast (D:7)
  2 phantoms
  A necrophage (D:7)
  8 black bears
  6 ogres
  6 orc warriors
  10 crocodiles
  Sigmund (D:2)
  3 centaurs
  12 giant frogs
  2 scorpions
  6 killer bees (D:9)
  2 goliath beetles (D:8)
  A giant frog zombie (D:9)
  A jelly (D:5)
  A centaur zombie (D:3)
  5 crimson imps
  Crazy Yiuf (D:2)
  A giant frog skeleton (D:8)
  12 hounds
  6 iguanas
  5 orc priests
  5 big fish
  A centaur skeleton (D:9)
  9 orc wizards
  5 worker ants
  An elf skeleton (D:9)
  6 sheep (Lair:4)
  A crocodile skeleton (D:5)
  An ogre skeleton (D:6)
  20 adders
  3 gnolls (D:2)
  63 green rats
  A scorpion zombie (D:6)
  3 giant mites
  4 shadow imps
  2 worms (D:3)
  An adder zombie (D:9)
  An adder skeleton (D:9)
  2 giant geckos
  2 oozes
  49 orcs
  4 giant cockroaches
  11 hobgoblins
  10 jackals
  4 quokkas
  4 ball pythons
  14 bats
  A giant cockroach zombie (D:6)
  A giant gecko zombie (D:5)
  5 giant newts
  10 goblins
  A goblin skeleton (D:5)
  13 kobolds
  An orc skeleton (D:6)
  2 orc zombies
  9 rats
451 creatures vanquished.

Vanquished Creatures (others)
  A crocodile (Lair:6)
  2 green rats (Lair:5)
  A plant (Lair:2)
4 creatures vanquished.

Grand Total: 455 creatures vanquished

Notes
Turn   | Place    | Note
--------------------------------------------------------------
     0 | D:1      | Gekot, the Gargoyle Berserker, began the quest for the Orb.
     0 | D:1      | Reached XP level 1. HP: 14/14 MP: 1/1
   184 | D:1      | Reached XP level 2. HP: 19/19 MP: 2/2
   315 | D:1      | Acquired Trog's second power
   660 | D:2      | Noticed Sigmund
   669 | D:2      | Killed Sigmund
   669 | D:2      | Reached skill level 4 in Fighting
   669 | D:2      | Reached XP level 3. HP: 24/24 MP: 3/3
   669 | D:2      | Reached XP level 4. HP: 29/29 MP: 4/4
   795 | D:2      | Reached XP level 5. HP: 5/33 MP: 5/5
  1228 | D:2      | Noticed Crazy Yiuf
  1236 | D:2      | Killed Crazy Yiuf
  1760 | D:3      | Reached skill level 5 in Maces & Flails
  1760 | D:3      | Reached XP level 6. HP: 27/39 MP: 6/6
  1798 | D:3      | Found a basalt altar of Yredelemnul.
  1873 | D:3      | Found a sparkling altar of Nemelex Xobeh.
  2658 | D:4      | Reached XP level 7. HP: 13/44 MP: 7/7
  2949 | D:4      | Acquired Trog's third power
  2990 | D:4      | Reached skill level 5 in Fighting
  2996 | D:4      | Found a burning altar of Makhleb.
  3104 | D:4      | Reached skill level 6 in Maces & Flails
  3382 | D:4      | Reached skill level 5 in Armour
  3443 | D:4      | Found a staircase to the Ecumenical Temple.
  3452 | D:4      | Found a bloodstained altar of Trog.
  3457 | Temple   | Entered the Ecumenical Temple
  3542 | D:4      | Found a radiant altar of Vehumet.
  3617 | D:4      | Found Gozag's Nutrition Petition.
  3620 | D:4      | Found an opulent altar of Gozag.
  3837 | D:4      | Got a pair of brightly glowing boots
  3841 | D:4      | Identified the cursed +0 pair of boots "Gheschint" {MR+} (You found it on level 4 of the Dungeon)
  3938 | D:5      | Entered Level 5 of the Dungeon
  4396 | D:5      | Reached skill level 1 in Shields
  4396 | D:5      | Reached XP level 8. HP: 43/51 MP: 8/8
  4589 | D:5      | Found a shimmering altar of Xom.
  4695 | D:5      | Reached skill level 7 in Maces & Flails
  5193 | D:6      | Reached XP level 9. HP: 46/56 MP: 9/9
  5234 | D:6      | Found Thried's Gadget Boutique.
  5392 | D:7      | Noticed oplop's ghost (powerful VSEn)
  5449 | D:7      | Killed oplop's ghost
  5449 | D:7      | Reached skill level 8 in Maces & Flails
  5449 | D:7      | Reached skill level 5 in Shields
  6084 | D:7      | Reached skill level 9 in Maces & Flails
  6525 | D:8      | Reached XP level 10. HP: 63/63 MP: 10/10
  6736 | D:8      | Received a gift from Trog
  7228 | D:9      | Found a staircase to the Lair.
  7403 | D:9      | Received a gift from Trog
  7689 | D:9      | Reached skill level 10 in Maces & Flails
  7703 | D:9      | Got an ichor-stained mace
  7704 | D:9      | Identified the +4 mace "Grikidoa" {venom, rPois Stlth-} (You found it on level 9 of the Dungeon)
  7808 | D:9      | Found a staircase to the Orcish Mines.
  8009 | Lair:1   | Entered Level 1 of the Lair of Beasts
  8136 | Lair:1   | Reached XP level 11. HP: 37/68 MP: 11/11
  8147 | Lair:1   | Got a jewelled scale mail
  8277 | Lair:1   | Identified the -1 scale mail of Zoxaczes {rF+ Stlth+} (You found it on level 1 of the Lair of Beasts)
  8942 | Lair:2   | Received a gift from Trog
  9050 | Lair:2   | Reached skill level 11 in Maces & Flails
  9171 | Lair:2   | Reached skill level 10 in Shields
  9191 | Lair:2   | Received a gift from Trog
  9192 | Lair:2   | Got a pitted lajatang {god gift}
  9786 | Lair:2   | Identified the +12 lajatang of Ynangu Psich {slice, rPois rN+} (Trog gifted it to you on level 2 of the Lair of Beasts)
  9964 | Lair:3   | Reached XP level 12. HP: 66/76 MP: 12/12
 10082 | Lair:3   | Noticed Maud
 10110 | Lair:3   | Killed Maud
 10110 | Lair:3   | Reached skill level 12 in Maces & Flails
 10272 | Lair:3   | Noticed a death yak
 10273 | Lair:3   | Noticed a death yak
 10273 | Lair:3   | Noticed a death yak
 10309 | Lair:2   | Killed a death yak
 10478 | Lair:3   | Killed a death yak
 10487 | Lair:3   | Killed a death yak
 10665 | Lair:4   | Reached skill level 10 in Armour
 10720 | Lair:4   | Reached skill level 10 in Fighting
 10932 | Lair:4   | Found a staircase to the Shoals.
 10936 | Lair:4   | Received a gift from Trog
 12132 | Lair:6   | Reached XP level 13. HP: 81/83 MP: 13/13
 12158 | Lair:5   | Reached skill level 13 in Maces & Flails
 12451 | Lair:5   | Received a gift from Trog
 12969 | Lair:6   | Found a staircase to the Snake Pit.
 13030 | Lair:6   | HP: 3/83 [black mamba (6)]
 13030 | Lair:6   | Slain by a black mamba

Action                   |  1- 3 |  4- 6 |  7- 9 | 10-12 | 13-15 || total
-------------------------+-------+-------+-------+-------+-------++-------
Melee: Mace              |    55 |   112 |       |       |       ||   167
       Flail             |       |    92 |   416 |   466 |       ||   974
       Morningstar       |       |    25 |    40 |   661 |   124 ||   850
Invok: Berserk           |     1 |     4 |     5 |     1 |     1 ||    12
       Burn Spellbooks   |       |       |     1 |     2 |     1 ||     4
       Trog's Hand       |       |       |       |     1 |       ||     1
Evoke: Wand              |       |       |     1 |     1 |       ||     2
  Use: Scroll            |       |     6 |     6 |     7 |       ||    19
       Potion            |       |       |     7 |     4 |       ||    11
